 Dungeon Crawl Stone Soup version 0.27-a0-1555-g0e7b3fb1d2 (webtiles) character file.

Game seed: 2271809117328872427

81 nyamberluvr69 the Skirmisher (level 4, -3/37 HPs)
             Began as a Formicid Fighter on July 14, 2021.
             Killed by divine providence
             ... invoked by an orc priest
              (13 damage)
             ... on level 3 of the Dungeon.
             The game lasted 00:02:20 (2071 turns).

nyamberluvr69 the Skirmisher (Formicid Fighter)     Turns: 2071, Time: 00:02:21

Health: -3/37      AC:  8    Str: 20    XL:     4   Next: 68%
Magic:  4/4        EV:  7    Int:  8    God:
Gold:   107        SH:  9    Dex: 11    Spells: 3/3 levels left

rFire    . . .     SeeInvis +   a - +0 long sword
rCold    . . .     Faith    .   c - +0 kite shield
rNeg     . . .     Spirit   .   b - +0 scale mail
rPois    .         Reflect  .   (helmet unavailable)
rElec    .         Harm     .   (no cloak)
rCorr    .         Rampage  .   k - +0 pair of gloves
Will     .....                  (no boots)
Stlth    ..........             (no amulet)
HPRegen  0.12/turn              (no ring)
MPRegen  0.09/turn              (no ring)

@: no status effects
A: permanent stasis, dig shafts and tunnels, antennae 3, four strong arms
a: Dig, Shaft Self


You were on level 3 of the Dungeon.
You visited 1 branch of the dungeon, and saw 3 of its levels.

You collected 107 gold pieces.

Inventory:

Hand Weapons
 a - a +0 long sword (weapon)
Armour
 b - a +0 scale mail (worn)
 c - a +0 kite shield (worn)
 k - a +0 pair of gloves (worn)
Scrolls
 g - a scroll of teleportation {unknown}
 h - a scroll of blinking {unknown}
 i - 2 scrolls of magic mapping {unknown}
Potions
 d - 3 potions of might
 e - 2 potions of heal wounds {unknown}
 f - a potion of ambrosia {unknown}
 j - 2 potions of haste {unknown}


   Skills:
 + Level 4.1 Fighting
 * Level 3.9 Long Blades
 - Level 3.2 Armour
 - Level 3.6 Shields


You had 3 spell levels left.
You didn't know any spells.
Your spell library was empty.

Dungeon Overview and Level Annotations

Branches:
Dungeon (3/15)

Altars:
Kikubaaqudgha
Nemelex Xobeh


Innate Abilities, Weirdness & Mutations

You cannot be hasted, slowed, berserked, paralysed or teleported.
You can dig through walls and to a lower floor.
You have a pair of large antennae on your head. (SInv)
Your four strong arms can wield two-handed weapons with a shield.


Message History

You continue putting on your +0 pair of gloves. x4
You finish putting on your +0 pair of gloves.
Things that are here:
a +0 falchion; an orc corpse No target in view!
No target in view!
No target in view!
A hobgoblin and an orc wizard come into view.
The orc wizard shouts!
The orc wizard casts a spell at you. You block the puff of flame.
An orc comes into view. It is wielding a +0 mace.
An orc priest comes into view.
It is wielding a +0 trident and wearing a +2 leather armour of poison resistance.
The orc priest shouts!
The orc priest mumbles some strange prayers to Beogh against you.
Beogh smites you!
You closely miss the hobgoblin.
The hobgoblin hits you but does no damage. x2
You barely miss the orc.
The orc priest begins to cast a cantrip, but forgets the words!
The orc wizard mumbles some strange words.
The orc wizard flickers and vanishes for a moment.
You block the orc's attack. You block the hobgoblin's attack.
Things that are here:
a +0 falchion; an orc corpse You slash the orc!
You kill the orc!
The orc priest invokes the aid of Beogh against you.
Beogh smites you!
The orc priest hits you with a +0 trident.
Things that are here:
a +0 mace; a +0 leather armour; an orc corpse The orc priest hits you with a +0 trident.
* * * LOW HITPOINT WARNING * * *
You barely miss the orc priest. The orc priest closely misses you.
You riposte.
You hit the orc priest but do no damage.
You completely miss the orc priest.
The orc priest calls down the wrath of Beogh upon you.
Beogh smites you!
You die...

##.....##
###.......##
..........#
#.......#
#.....# ..#
#.o.# #... #g#
#...#
#o#############
.#...#
#@))†.......†.#
.#...#+ ###
#############.#
#.....###.#### {
#.#
.............#
#.#
...8......[#.#
#.#
....†.....##.#..
#.#
#.....######.#.#
#.# +#...#.)##
#.#.# #.#
#...#...# #.#.#
#.#


You could see an orc priest, an orc wizard (invisible) and a hobgoblin.

Vanquished Creatures
  3 worms (D:2)
  2 dart slugs
  3 orcs (D:3)
  5 ball pythons
  10 bats
  2 endoplasms (D:1)
  3 giant cockroaches
  4 goblins
  5 hobgoblins
  4 jackals (D:2)
  7 kobolds
  3 quokkas
  2 frilled lizards (D:1)
  9 rats
62 creatures vanquished.

Vanquished Creatures (others)
  5 plants (D:3)
5 creatures vanquished.

Grand Total: 67 creatures vanquished

Notes
Turn   | Place    | Note
-------+----------+-------------------------------------------
     0 | D:1      | nyamberluvr69 the Formicid Fighter began the quest for the
                  | Orb.
     0 | D:1      | Reached XP level 1. HP: 18/18 MP: 1/1
    88 | D:1      | Reached XP level 2. HP: 23/24 MP: 2/2
   499 | D:1      | Reached XP level 3. HP: 29/30 MP: 3/3
   923 | D:2      | Found a faded altar of an unknown god.
  1327 | D:2      | Reached XP level 4. HP: 37/37 MP: 4/4
  1339 | D:2      | Reached skill level 4 in Fighting
  1943 | D:3      | Found a sparkling altar of Nemelex Xobeh.
  1976 | D:3      | Found an ancient bone altar of Kikubaaqudgha.
  2071 | D:3      | Killed from afar by an orc priest

Illustrated notes

Levels and vault maps discovered:
D:1:      mrwooster_arrival_statue_3, layout_rooms, chequers_decorated_corner,
          st_stairs_8
D:2:      layout_basic, chequers_ecumenical_altar_island
D:3:      layout_loops_ring, mainiacjoe_overflow_boulevard,
          amcnicky_altar_gilded, grunt_ministairs_6, minmay_crystal_water,
          kennysheep_pointless_box

Skill      XL: |  1  2  3  4 |
---------------+-------------+-----
Long Blades    | 3 |  3.9
Fighting       | 4 |  4.1
Armour         | |  3.2
Shields        | |  3.6

Action                   |  1- 3 |  4- 6 || total
-------------------------+-------+-------++-------
Melee: Long sword        |   111 |    64 ||   175
Armor: Scale mail        |    43 |    15 ||    58
Dodge: Dodged            |    30 |    16 ||    46
Block: Kite shield       |    59 |    43 ||   102
       Rpst.: Long sword |     7 |     5 ||    12

Table legend: (Time is in decaauts)
 A = Elapsed time spent in this place.
 B = Non-inter-level travel time spent in this place.
 C = Inter-level travel time spent in this place.
 D = Time resting spent in this place.
 E = Time spent auto-exploring this place.
 F = Levels seen in this place.
 G = Mean time per level.
                   A        B        C        D        E       F      G
               +--------+--------+--------+--------+--------+-----+--------+
         Total |   2149 |   2073 |     76 |    144 |   1485 |   3 |  716.3 |
       Dungeon |   2149 |   2073 |     76 |    144 |   1485 |   3 |  716.3 |
               +--------+--------+--------+--------+--------+-----+--------+

Top non-repeatable levels by time:
     D:2: 1076 daAuts
     D:1: 764 daAuts
     D:3: 308 daAuts
